 Dungeon Crawl Stone Soup version 0.19-a0-1932-g59670f6 (webtiles) character file.

439 dobroeutro the Shooter (level 6, -8/53 HPs)
             Began as a Centaur Hunter on Oct 25, 2016.
             Mangled by an orc warrior
             ... wielding a cursed +0 trident
              (15 damage)
             ... on level 4 of the Dungeon.
             The game lasted 00:09:24 (4325 turns).

dobroeutro the Shooter (Centaur Hunter)             Turns: 4325, Time: 00:09:24

Health: -8/53      AC:  6    Str: 16    XL:     6   Next: 70%
Magic:  6/6        EV:  9    Int: 10    God:
Gold:   175        SH:  0    Dex: 10    Spells: 0 memorised, 5 levels left

rFire  . . .     SeeInvis .     x - +2 whip (elec)
rCold  . . .     Gourm    .     c - +0 leather armour
rNeg   . . .     Faith    .     (no shield)
rPois  +         Spirit   .     g - +0 helmet
rElec  .         Reflect  .     (no cloak)
rCorr  .         Harm     .     t - +0 pair of gloves
MR     .....                    (no barding)
Stlth  +.........               (no amulet)
                                (no ring)
                                e - ring of poison resistance

@: very quick
A: hooves 3, deformed body, speed 2, tough skin 3
a: no special abilities


You were on level 4 of the Dungeon.
You were not hungry.

You visited 1 branch of the dungeon, and saw 4 of its levels.

You collected 175 gold pieces.

Inventory:

Hand Weapons
 a - a +2 shortbow
 x - a +2 whip of electrocution (weapon)
Missiles
 d - 52 arrows
Armour
 c - a +0 leather armour (worn)
 g - a +0 helmet (worn)
 t - a +0 pair of gloves (worn)
Jewellery
 e - a ring of poison resistance (left hand)
Wands
 m - a wand of paralysis (0/24)
 o - a wand of flame (0/48)
Scrolls
 h - a scroll of fog {unknown}
 i - a scroll of teleportation {unknown}
 l - 3 scrolls of identify
 u - 2 scrolls of enchant weapon
Potions
 b - a potion of curing {unknown}
 j - a potion of lignification
 k - a potion of degeneration {unknown}
 p - a potion of brilliance {unknown}
 q - a potion of mutation {unknown}
 s - a potion of haste
Comestibles
 f - 2 bread rations
 n - a slice of pizza


   Skills:
 + Level 4.4 Fighting
 + Level 1.5 Maces & Flails
 + Level 7.6 Bows
 - Level 1.3 Dodging
 - Level 0.4 Stealth
 - Level 3.0 Unarmed Combat


You had 5 spell levels left.
You didn't know any spells.

Dungeon Overview and Level Annotations

Branches:
Dungeon (4/15)
 Temple: D:4-7

Altars:
Gozag


Innate Abilities, Weirdness & Mutations

You have hooves in place of feet.
Armour fits poorly on your strangely shaped body.
You cover ground very quickly.
You have extremely tough skin. (AC +3)


Message History

The orc warrior hits you with a trident!
The orc hits you with a flail. The orc hits you.
You hit the orc warrior but do no damage.
The orc warrior is heavily wounded.
The orc warrior hits you but does no damage.
The orc barely misses you. The orc hits you.
You barely miss the orc warrior. Your kick misses the orc warrior.
The orc warrior is heavily wounded.
The orc warrior hits you with a trident!
* * * LOW HITPOINT WARNING * * *
The orc closely misses you. The orc hits you but does no damage.
You are too injured to fight recklessly!
You are too injured to fight recklessly!
You are too injured to fight recklessly!
You are too injured to fight recklessly!
You are too injured to fight recklessly!
Unknown command.
The hound bites you but does no damage.
The orc warrior hits you from afar with a trident!
You die...

...........#
...........#
...........#
...........#
...........#
...........#
......ooo..# #
#.....h%)..##.#
#......@......#
#..........####
#........#########
##..#..............
...................
####.#.(.########.#
.# #.......#
#..........
#.#.#.#.###...##.#..
#.#.#...#.....##.#.#


You could see an orc warrior, a hound and 2 orcs.

Vanquished Creatures
  The ghost of dobroeutro the Shooter, an amateur CeHu (D:3)
  An orc priest (D:3)
  Terence (D:2)
  8 gnolls (D:3)
  6 adders
  3 oozes
  5 dart slugs
  3 leopard geckos
  11 orcs
  4 giant cockroaches
  7 goblins
  8 hobgoblins
  2 quokkas (D:3)
  4 bats
  4 frilled lizards
  12 kobolds
  11 rats
91 creatures vanquished.

Notes
Turn   | Place    | Note
-------+----------+-------------------------------------------
     0 | D:1      | dobroeutro the Centaur Hunter began the quest for the Orb.
     0 | D:1      | Reached XP level 1. HP: 17/17 MP: 1/1
   540 | D:1      | Reached XP level 2. HP: 10/24 MP: 2/2
   656 | D:1      | Reached skill level 1 in Unarmed Combat
  1175 | D:1      | Reached XP level 3. HP: 23/30 MP: 3/3
  1571 | D:2      | Reached skill level 6 in Bows
  1810 | D:2      | Reached XP level 4. HP: 32/37 MP: 4/4
  2013 | D:2      | Noticed Terence
  2047 | D:2      | Killed Terence
  2374 | D:2      | Found an opulent altar of Gozag.
  2484 | D:3      | Noticed dobroeutro's ghost (amateur CeHu)
  2814 | D:3      | Reached XP level 5. HP: 45/45 MP: 5/5
  3555 | D:3      | Reached skill level 7 in Bows
  3897 | D:3      | Killed dobroeutro's ghost
  3897 | D:3      | Reached skill level 1 in Maces & Flails
  3897 | D:3      | Reached XP level 6. HP: 33/53 MP: 6/6
  4312 | D:4      | Noticed an orc warrior
  4325 | D:4      | Mangled by an orc warrior

Vault maps used:
D:1:      onia_arrival_mini_spirals
D:2:      first_bread, grunt_gozag_breadcrumbs, uniq_terence
D:4:      overflow_temple_1_default, gammafunk_temple_overflow_elements,
          nrook_mini_vaults, lemuel_blue_sif_altar, uniq_sigmund

Skill      XL: |  1  2  3  4  5 |
---------------+----------------+-----
Unarmed Combat | 1 2 3 |  3.0
Bows           | 6 7 |  7.6
Fighting       | 3 4 |  4.4
Maces & Flails | 1 |  1.5
Dodging        | |  1.3
Stealth        | |  0.4

Action                   |  1- 3 |  4- 6 || total
-------------------------+-------+-------++-------
Melee: Unarmed           |   170 |   183 ||   353
       Kick              |    38 |    51 ||    89
       Whip              |       |    33 ||    33
       Punch             |       |     2 ||     2
 Fire: Shortbow          |     9 |     6 ||    15
Evoke: Wand              |       |    17 ||    17
  Use: Scroll            |       |     6 ||     6
 Stab: Paralysed         |       |     7 ||     7
  Eat: Chunk             |     2 |     7 ||     9
Armor: Leather armour    |    85 |    64 ||   149
Dodge: Dodged            |    87 |   108 ||   195
